AoeStats
← CultKaos

Migration

510202886Analyzed
1v1 RM · 2d ago on Sep 29, 2026· 35m 6s· 2 players
Game mode
Random Map
Map size
132×132
Population
200
Speed
Normal
Resources
Standard
Victory
Conquest
Starting age
Dark Age
Ending age
Imperial Age
RankedLock teamsTeams togetherTeam positionsShared explorationLock speedFull tech treeHidden civsTurbo modeCheats
Victory
Defeat
🇲🇽 Italians · Mexico
1325
+15
🇳🇴 Lithuanians · Norway
1314
-15
CultKaos
5:15 Loom
10:38 Feudal Age
12:14 Double-Bit Axe
16:53 Horse Collar
20:12 Castle Age
19:12 Scale Barding Armor
19:52 Fletching
20:13 Forging
21:46 Medium Warships
26:06 Bodkin Arrow
29:43 Imperial Age
28:55 Chain Barding Armor
29:46 Elite Skirmisher
31:41 Bracer
32:16 Ballistics
32:54 Conscription
35:39 Chemistry
Echidna
12:11 Feudal Age
13:55 Double-Bit Axe
17:00 Castle Age
16:04 Fishing Lines
18:38 Gillnets
21:28 Imperial Age
19:08 Scale Mail Armor
19:22 Clinker Construction
19:41 Bow Saw
19:34 Gold Mining
20:40 Medium Warships
21:43 Careening
22:13 Wheelbarrow
21:38 Loom
23:17 Stone Mining
26:34 Dry Dock
26:47 Siphons
27:06 Fletching
27:56 Heavy Warships
29:40 Chemistry
31:06 Bodkin Arrow
30:58 Horse Collar
32:01 Forging
31:54 Bracer
32:55 Heavy Plow
33:46 Padded Archer Armor
34:20 Chain Mail Armor
34:14 Light Cavalry
35:04 Bloodlines
Connection lost

Rejoining the realm…

Still unreachable

The connection could not be restored.

Session expired

The server has moved on; the page needs a fresh start.